 Dungeon Crawl Stone Soup version 0.30.1-9-gdf580d7c3d (webtiles) character file.

Game seed: 3996957430754699029

15759 ohgeetee the Grappler (level 12, -4/119 HPs)
             Began as a Troll Fighter on Sept 27, 2023.
             Was a Priest of Wu Jian.
             Slain by a death knight
             ... wielding a +0 battleaxe
              (8 damage)
             ... on level 13 of the Dungeon on Sept 28, 2023.
             The game lasted 03:20:41 (10829 turns).

ohgeetee the Grappler (Troll Fighter)              Turns: 10829, Time: 03:20:42

Health: -4/119     AC:  3    Str: 35    XL:     12   Next: 4%
Magic:  11/11      EV:  9    Int:  3    God:    Wu Jian [***...]
Gold:   552        SH: 10    Dex:  8    Spells: 11/11 levels left

rFire   . .          .
                       - Unarmed
rCold   + . .        b - +1 kite shield
rNeg    . . .        D - +1 steam dragon scales
rPois   .            (helmet restricted)
rElec   .            z - +2 cloak
rCorr   .            (gloves unavailable)
SInv    .            (boots unavailable)
Will    .....        (no amulet)
Stlth   +            H - ring of protection from cold
HPRegen 1.19/turn    e - +4 ring of protection
MPRegen 0.12/turn

%: no passive effects
@: corroded, slowed, very slow
A: large, unfitting armour, claws 3, regeneration 1, shaggy fur 1, tough skin 1,
strong 1, wild magic 1, MP-powered wands
a: Renounce Religion, Wall Jump, Serpent's Lash


You were on level 13 of the Dungeon.
You worshipped Wu Jian.
Wu Jian was most pleased with you.
You visited 2 branches of the dungeon, and saw 14 of its levels.
You also visited: Ossuary.

You collected 889 gold pieces.
You spent 337 gold pieces at shops.

Inventory:

Hand Weapons
 E - a +0 shortbow
Missiles
 w - 23 poisoned darts (quivered)
 B - 2 silver javelins
 I - 56 stones
 J - 10 boomerangs
 L - a curare-tipped dart
 M - 5 large rocks
 Q - a throwing net
Armour
 b - a +1 kite shield (worn)
 n - a scarf of shadows
 v - a +0 robe
 x - a +0 robe
 z - a +2 cloak (worn)
 D - +1 steam dragon scales (worn)
Jewellery
 e - a +4 ring of protection (right claw)
 H - a ring of protection from cold (left claw)
Wands
 a - a wand of quicksilver (4)
 i - a wand of flame (12)
 P - a wand of roots (3)
Scrolls
 c - 5 scrolls of teleportation
 g - a scroll of amnesia
 j - 5 scrolls of blinking
 l - 2 scrolls of magic mapping
 o - 3 scrolls of enchant weapon
 p - a scroll of enchant armour
 q - 4 scrolls of brand weapon
 r - 4 scrolls of butterflies
 s - a scroll of fog {unknown}
 y - a scroll of acquirement {unknown}
 A - a scroll of torment {unknown}
 C - 5 scrolls of fear
 K - 4 scrolls of immolation
Potions
 d - 4 potions of flight
 f - a potion of magic {unknown}
 h - a potion of brilliance {unknown}
 m - 2 potions of mutation
 t - 2 potions of invisibility
 u - 2 potions of lignification
 F - 2 potions of attraction
 G - 2 potions of ambrosia {unknown}
 N - 3 potions of heal wounds
 O - a potion of haste {unknown}
 R - a potion of curing
 T - a potion of cancellation {unknown}
Miscellaneous
 k - a condenser vane (inert)


   Skills:
 + Level 8.1 Fighting
 - Level 2.8 Dodging
 + Level 8.9 Shields
 * Level 14.8 Unarmed Combat


You had 11 spell levels left.
You didn't know any spells.
Your spell library contained the following spells:

 Spells                   Type           Power      Damage    Failure   Level
 Freeze                   Ice            0%         1d3       75%         1
 Magic Dart               Conj           0%         1d3       75%         1
 Necrotise                Necr           0%         1d4       75%         1
 Call Imp                 Summ           0%         N/A       86%         2
 Frozen Ramparts          Ice            0%         1d1       97%         3
 Hailstorm                Conj/Ice       0%         3d3       97%         3
 Mephitic Cloud           Conj/Pois/Air  0%         N/A       97%         3
 Vampiric Draining        Necr           0%         2d6       97%         3
 Vhi's Electric Charge    Tloc/Air       0%         N/A       97%         3
 Anguish                  Hex/Necr       0%         N/A       100%        4
 Cause Fear               Hex            0%         N/A       100%        4
 Agony                    Necr           0%         N/A       100%        5
 Arcjolt                  Conj/Air       0%         1d10      100%        5
 Plasma Beam              Fire/Air       0%         2x1d11    100%        6
 Enfeeble                 Hex            0%         N/A       100%        7


Dungeon Overview and Level Annotations

Branches:
Dungeon (13/15)            Temple (1/1) D:5            Lair (0/5) D:9
    Orc (0/2) D:12        Ossuary (visited)
 Vaults: D:13-14

Altars:
Ashenzari
Cheibriados
Dithmenos
Elyvilon
Fedhas
Gozag
Hepliaklqana
Kikubaaqudgha
Makhleb
Nemelex Xobeh
Okawaru
Qazlal
Ru
Sif Muna
Trog
Uskayaw
Vehumet
Wu Jian
Xom
Yredelemnul
Zin
The Shining One

Shops:
D:1 (   D:4 ?

Annotations:
D:6 exclusion: oklob plant
D:8 3 runed translucent doors, wingedge's ghost, novice DgEE


Innate Abilities, Weirdness & Mutations

You are too large for most types of armour.
You have claws for hands.
Your natural rate of healing is unusually fast.
You are covered in fur. (AC +1)
You have tough skin. (AC +1)
Your muscles are strong. (Str +4, Int/Dex -1)
Your spells are a little harder to cast, but a little more powerful.
You expend magic power (3 MP) to strengthen your wands.


Message History

The acid dragon is heavily wounded.
You claw the acid dragon!
The acid dragon is almost dead.
The acid dragon spits acid at you. The splash of acid hits you!!
The acid corrodes you!
You scratch the acid dragon but do no damage.
The acid dragon is almost dead.
The acid dragon bites you but does no damage.
The acid dragon closely misses you. You block the freezing wraith's attack.
The freezing wraith hits you. The freezing wraith drains your vigour!
You feel yourself slow down.
The death knight offers itself to Yredelemnul, and fills with unholy energy.
You completely miss the acid dragon.
The acid dragon is almost dead.
You block the freezing wraith's attack. The freezing wraith hits you.
The freezing wraith drains your vigour!
You feel as though you will be slow longer.
The acid dragon bites you.
The acid dragon claws you but does no damage.
You completely miss the acid dragon.
The acid dragon is almost dead.
You block the freezing wraith's attack. x2; The acid dragon barely misses you.
The acid dragon claws you but does no damage.
The death knight hits you with a +0 battleaxe!!
You barely miss the acid dragon.
The acid dragon is almost dead.
You block the freezing wraith's attack.
The freezing wraith hits you but does no damage.
The acid dragon spits acid at you. The splash of acid hits you!!
* * * LOW HITPOINT WARNING * * *
The acid corrodes you!
The death knight hits you with a +0 battleaxe!!
* * * LOW HITPOINT WARNING * * *
Clouds of noxious fumes condense around you!
The condenser dries out!
The acid dragon bites you!
* * * LOW HITPOINT WARNING * * *
The acid dragon claws you but does no damage.
The death knight hits you with a +0 battleaxe!
You die...

#..........
#..........
#.((...>.......
#.............#
#.§..§........#
#.§...........#
#§WDpW........#
#.W@§§........#
#.............#
#.....!.......#
............<.....#
...............)..#
.#####............#
#............#
#............#
#............#


You could see a death knight (reflects damage), 2 freezing wraiths, a wraith and
an acid dragon.

Vanquished Creatures
  5 two-headed ogres
  4 boulder beetles
  A wizard (D:11)
  A deep elf pyromancer (D:10)
  An ugly thing (D:11)
  A cyclops (D:11)
  A manticore (D:11)
  Maggie (D:10)
  A yaktaur (shapeshifter) (D:11)
  3 trolls
  An efreet (D:13)
  A hornet (D:11)
  Grinder (D:3)
  3 wyverns
  2 shadows (D:11)
  A vampire (D:10)
  5 yaks
  3 steam dragons
  A water moccasin (D:7)
  6 orc warriors
  3 ice beasts
  2 sky beasts
  A black bear (D:7)
  2 ogres
  4 centaurs
  2 phantoms
  3 kobold brigands
  4 bullfrogs
  2 scorpions
  16 wights
  3 killer bees (D:8)
  5 howler monkeys
  A crimson imp (D:7)
  2 hounds
  3 orc priests
  Crazy Yiuf (D:2)
  2 jellies
  A gnoll bouda (D:10)
  3 sleepcaps
  5 iguanas
  7 orc wizards
  8 mummies (Ossuary)
  Robin (D:4)
  A gnoll (D:6)
  7 adders
  2 shadow imps (D:6)
  3 white imps
  3 ufetubi
  2 worms
  6 dart slugs
  32 orcs
  5 ball pythons
  4 endoplasms
  2 giant cockroaches (D:2)
  A gnoll zombie (Ossuary)
  13 goblins
  17 hobgoblins
  22 kobolds
  4 quokkas
  3 bats
  5 frilled lizards
  2 hobgoblin zombies (Ossuary)
  3 kobold zombies (Ossuary)
  2 orc zombies (Ossuary)
  4 rats
267 creatures vanquished.

Vanquished Creatures (others)
  A howler monkey (D:8)
1 creature vanquished.

Grand Total: 268 creatures vanquished

Notes
Turn   | Place    | Note
-------+----------+-------------------------------------------
     0 | D:1      | ohgeetee the Troll Fighter began the quest for the Orb.
     0 | D:1      | Reached XP level 1. HP: 22/22 MP: 0/0
   214 | D:1      | Reached XP level 2. HP: 29/29 MP: 1/1
   334 | D:1      | Found Xyluh's Antique Weapon Shop.
   786 | D:2      | Found a white marble altar of Elyvilon.
   905 | D:2      | Reached XP level 3. HP: 36/36 MP: 2/2
  1095 | D:2      | Found a runed translucent door.
  1096 | D:2      | Noticed Crazy Yiuf
  1533 | D:3      | Noticed Grinder
  1552 | D:3      | Killed Grinder
  1553 | D:3      | Reached skill level 5 in Unarmed Combat
  1553 | D:3      | Reached XP level 4. HP: 23/44 MP: 3/3
  1553 | D:3      | Reached XP level 5. HP: 26/50 MP: 4/4
  1874 | D:3      | Reached XP level 6. HP: 59/59 MP: 5/5
  2083 | D:4      | Reached skill level 6 in Unarmed Combat
  2236 | D:4      | Noticed Robin
  2262 | D:4      | Killed Robin
  2321 | D:4      | Reached skill level 7 in Unarmed Combat
  2384 | D:4      | Reached XP level 7. HP: 66/66 MP: 6/6
  2414 | D:4      | Found a sand-covered staircase.
  2566 | D:4      | Found Zaxurr's Magic Scroll Shop.
  2570 | D:4      | Bought a scroll of blinking for 97 gold pieces
  2570 | D:4      | Bought a scroll of identify for 26 gold pieces
  2570 | D:4      | Bought a scroll of identify for 26 gold pieces
  2570 | D:4      | Bought a scroll of identify for 26 gold pieces
  2678 | Ossuary  | Entered an ossuary
  2769 | Ossuary  | Reached skill level 8 in Unarmed Combat
  2956 | D:5      | Entered Level 5 of the Dungeon
  3082 | D:5      | Found a staircase to the Ecumenical Temple.
  3511 | D:2      | Killed Crazy Yiuf
  3512 | D:2      | Reached XP level 8. HP: 63/75 MP: 7/7
  3591 | D:4      | Bought a scroll of brand weapon for 123 gold pieces
  3591 | D:4      | Bought a scroll of identify for 26 gold pieces
  3591 | D:4      | Bought a scroll of noise for 13 gold pieces
  3640 | Temple   | Entered the Ecumenical Temple
  3809 | Temple   | Became a worshipper of the Wu Jian Council
  4114 | D:6      | Reached skill level 9 in Unarmed Combat
  4709 | D:6      | Reached skill level 10 in Unarmed Combat
  4709 | D:6      | Reached XP level 9. HP: 81/85 MP: 8/8
  4835 | D:6      | Found a blossoming altar of Fedhas.
  4857 | D:6      | Noticed an oklob plant
  5177 | D:7      | Reached skill level 5 in Shields
  5256 | D:7      | Reached * piety under Wu Jian
  5558 | D:7      | Reached skill level 5 in Fighting
  6380 | D:8      | Reached skill level 11 in Unarmed Combat
  6397 | D:8      | Found an iron altar of Okawaru.
  6462 | D:8      | Found a shadowy altar of Dithmenos.
  6541 | D:8      | Reached ** piety under Wu Jian
  6601 | D:8      | Found a runed translucent gate.
  6601 | D:8      | Found a runed translucent gate.
  6601 | D:8      | Found a runed translucent gate.
  6648 | D:8      | Found an opulent altar of Gozag.
  6651 | D:8      | Noticed wingedge's ghost (novice DgEE)
  6651 | D:8      | Noticed a white ugly thing
  6652 | D:8      | Noticed a deep elf pyromancer
  6832 | D:9      | Reached XP level 10. HP: 85/96 MP: 9/9
  6893 | D:9      | Found a staircase to the Lair.
  7039 | D:9      | Found a glowing silver altar of Zin.
  7119 | D:9      | Found a stormy altar of Qazlal.
  7119 | D:9      | Found a shimmering blue altar of Sif Muna.
  7119 | D:9      | Found a sparkling altar of Nemelex Xobeh.
  7133 | D:9      | Found an ancient bone altar of Kikubaaqudgha.
  7133 | D:9      | Found a broken altar of Ashenzari.
  7368 | D:9      | Found a sacrificial altar of Ru.
  7436 | D:9      | Found a bloodstained altar of Trog.
  7436 | D:9      | Found a hazy altar of Hepliaklqana.
  7440 | D:9      | Found a basalt altar of Yredelemnul.
  7747 | D:10     | Entered Level 10 of the Dungeon
  7762 | D:10     | Reached skill level 12 in Unarmed Combat
  7945 | D:10     | Noticed a two-headed ogre
  7952 | D:10     | Killed a two-headed ogre
  8091 | D:10     | Noticed a boulder beetle
  8107 | D:10     | Killed a boulder beetle
  8180 | D:10     | Reached *** piety under Wu Jian
  8198 | D:10     | Noticed a deep elf pyromancer
  8201 | D:10     | Killed a deep elf pyromancer
  8202 | D:10     | Reached skill level 13 in Unarmed Combat
  8365 | D:10     | Noticed Maggie
  8380 | D:10     | Killed Maggie
  8566 | D:11     | Noticed a boulder beetle
  8587 | D:11     | Killed a boulder beetle
  8588 | D:11     | Reached XP level 11. HP: 49/107 MP: 10/10
  8676 | D:11     | Paralysed by a hornet for 3 turns
  8752 | D:11     | Noticed a cyan ugly thing
  9012 | D:11     | Gained mutation: Your mind is acute. (Int +4, Str/Dex -1)
                  | [potion of mutation]
  9013 | D:11     | Lost mutation: Your mind is acute. (Int +4, Str/Dex -1)
                  | [potion of mutation]
  9013 | D:11     | Gained mutation: You expend magic power (3 MP) to
                  | strengthen your wands. [potion of mutation]
  9013 | D:11     | Gained mutation: Your muscles are strong. (Str +4, Int/Dex
                  | -1) [potion of mutation]
  9013 | D:11     | Gained mutation: Your spells are a little harder to cast,
                  | but a little more powerful. [potion of mutation]
  9144 | D:11     | Noticed a two-headed ogre
  9151 | D:11     | Killed a two-headed ogre
  9427 | D:11     | Noticed a wizard
  9435 | D:11     | Killed a cyan ugly thing
  9444 | D:11     | Killed a wizard
  9445 | D:11     | Reached skill level 14 in Unarmed Combat
  9596 | D:11     | Found a bloodstained altar of Trog.
 10069 | D:12     | Noticed a two-headed ogre
 10070 | D:12     | Found a staircase to the Orcish Mines.
 10076 | D:12     | Killed a two-headed ogre
 10103 | D:12     | Noticed a two-headed ogre
 10109 | D:12     | Killed a two-headed ogre
 10158 | D:12     | Noticed a boulder beetle
 10174 | D:12     | Killed a boulder beetle
 10285 | D:12     | Noticed a two-headed ogre
 10291 | D:12     | Killed a two-headed ogre
 10368 | D:12     | Noticed a boulder beetle
 10380 | D:12     | Killed a boulder beetle
 10473 | D:12     | Found a broken altar of Ashenzari.
 10586 | D:12     | Reached XP level 12. HP: 108/119 MP: 11/11
 10819 | D:13     | Noticed a death knight
 10829 | D:13     | HP: 4/119 [acid dragon (11)]
 10829 | D:13     | Slain by a death knight

Illustrated notes

Levels and vault maps discovered:
D:1:      kennysheep_arrival_forest, layout_loops_ring, serial_shops, shop
D:2:      layout_rooms, basic_altar, supply_closet_lemuel,
          uniq_crazy_yiuf_cottage
D:3:      layout_loops_ring, st_stairs_7, serial_bayou_crossing, uniq_grinder
D:4:      layout_cave_pools, enter_ossuary_1, serial_shops,
          nicolae_shop_rolled_up, minmay_checkerbox, uniq_robin
D:5:      layout_rooms, minmay_temple_entry_mist
D:6:      layout_basic, tgw_fedhas, sigmund_army
D:7:      nicolae_cairo_tiling_large_dashed, layout_layer_cave,
          serial_park_tiny_2, minmay_fire_ice_demons
D:8:      layout_rooms, kennysheep_okawaru_gauntlet,
          nicolae_dithmenos_shadow_blocks, ebering_ghost_gozag
D:9:      layout_basic, minmay_overflow_temple_star_hex,
          nicolae_overflow_hidden_temple, lair_entry_dummy, minmay_holes
D:10:     layout_loops_ring, st_stairs_12, uniq_maggie
D:11:     layout_gridville, trog_hazing_becter
D:12:     layout_loops_cross, david_orc_2, serial_glass, glass_columns_a,
          glass_columns_a, glass_columns_c, glass_columns_a, glass_columns_b,
          glass_columns_b, glass_columns_a, glass_columns_b,
          cheibrodos_ashenzari_chains
D:13:     minmay_textured_paths, layout_long_grid, minmay_tree_intersection,
          uniq_urug
Temple:   kb_temple_of_zot

Skill      XL: |  1  2  3  4  5  6  7  8  9 10 11 |
---------------+----------------------------------+-----
Shields        | 3 4 6 7 8 |  8.9
Unarmed Combat | 5 7 8 10 11 13 14 | 14.8
Fighting       | 3 4 5 6 8 |  8.1
Dodging        | |  2.8

Action                     |  1- 3 |  4- 6 |  7- 9 | 10-12 || total
---------------------------+-------+-------+-------+-------++-------
  Melee: Unarmed           |   115 |   106 |   357 |   313 ||   891
  Throw: Stone             |    13 |    14 |    10 |    13 ||    50
         Dart              |       |       |    22 |    14 ||    36
         Javelin           |       |       |       |     3 ||     3
         Boomerang         |       |       |       |    13 ||    13
Ability: Lunge             |       |       |    23 |    21 ||    44
         Whirlwind         |       |       |     2 |    11 ||    13
  Evoke: Condenser vane    |       |       |     2 |     3 ||     5
         Wand              |       |       |       |     7 ||     7
    Use: Potion            |     1 |       |     5 |     5 ||    11
         Scroll            |       |       |    11 |    11 ||    22
   Stab: Sleeping          |     1 |       |     1 |       ||     2
 Armour: Robe              |    25 |    21 |    21 |       ||    67
         Steam dragon scal |       |       |    54 |    93 ||   147
  Dodge: Dodged            |    26 |    29 |    97 |    78 ||   230
  Block: Kite shield       |    40 |    37 |   106 |   111 ||   294
